AoeStats
← Heitzey

Socotra

504657796Analyzed
3v3 RM · 26d ago on Sep 6, 2026· 14m 7s· 6 players
Game mode
Random Map
Map size
128×128
Population
200
Speed
Normal
Resources
Standard
Victory
Conquest
Starting age
Dark Age
Ending age
Imperial Age
RankedLock teamsTeams togetherTeam positionsShared explorationLock speedFull tech treeHidden civsTurbo modeCheats
Victory
Defeat
🇨🇱 Japanese · Chile
1097
+13
🇨🇱 Teutons · Chile
1093
+13
🇨🇱 Koreans · Chile
1088
+13
🇨🇴 Malay · Colombia
1064
-15
🇨🇳 Magyars · China
1006
-12
🇧🇷 Ethiopians · Brazil
992
-12
likelisi017
7:25 Loom
11:57 Feudal Age
Heitzey
12:53 Feudal Age
kavobi
4:00 Loom
10:23 Feudal Age
11:14 Double-Bit Axe
Malvado neuroK
7:26 Loom
10:06 Feudal Age
nono_age
5:44 Loom
10:17 Feudal Age
13:34 Fletching
yorzhpizarro
0:53 Loom
11:05 Feudal Age
13:34 Double-Bit Axe
Connection lost

Rejoining the realm…

Still unreachable

The connection could not be restored.

Session expired

The server has moved on; the page needs a fresh start.